 Dungeon Crawl Stone Soup version 0.30-a0-879-ga8ba668304 (webtiles) character file.

Game seed: 15500112764719453036

8876 lesbiats the Grappler (level 11, 0/109 HPs)
             Began as a Troll Fighter on Mar 13, 2023.
             Was a High Priest of Wu Jian.
             Slain by a wyvern (12 damage)
             ... on level 10 of the Dungeon.
             The game lasted 00:32:33 (9281 turns).

lesbiats the Grappler (Troll Fighter)               Turns: 9281, Time: 00:32:33

Health: 0/109      AC: 13    Str: 26    XL:     11   Next: 15%
Magic:  10/10      EV:  9    Int: 11    God:    Wu Jian [*****.]
Gold:   48         SH:  9    Dex:  9    Spells: 8/10 levels left

rFire   . . .      SeeInvis .      - Unarmed
rCold   . . .      Faith    .    b - +0 kite shield
rNeg    + . .      Spirit   .    L - +0 acid dragon scales
rPois   .          Reflect  .    a - +0 hat {Int+3}
rElec   .          Rampage  .    h - +0 cloak
rCorr   +                        (gloves unavailable)
Will    .....                    (boots unavailable)
Stlth   +                        t - amulet of the acrobat
HPRegen 1.18/turn                e - ring of positive energy
MPRegen 0.12/turn                k - +4 ring of protection

@: no status effects
A: large, unfitting armour, claws 3, regeneration 1, shaggy fur 1, tough skin 1
a: Renounce Religion, Wall Jump, Serpent's Lash, Heavenly Storm


You were on level 10 of the Dungeon.
You worshipped Wu Jian.
Wu Jian was extremely pleased with you.
You visited 2 branches of the dungeon, and saw 12 of its levels.
You also visited: Sewer, Ossuary and Bailey.

You collected 507 gold pieces.
You spent 459 gold pieces at shops.

Inventory:

Missiles
 i - 37 poisoned darts
 p - 5 boomerangs (quivered)
 H - 2 curare-tipped darts
 N - 9 large rocks
Armour
 a - a +0 hat of intelligence (worn)
 b - a +0 kite shield (worn)
 h - a +0 cloak (worn)
 L - +0 acid dragon scales (worn)
 M - +0 steam dragon scales
Jewellery
 e - a ring of positive energy (left claw)
 k - a +4 ring of protection (right claw)
 t - an amulet of the acrobat (around neck)
Wands
 o - a wand of mindburst (11)
 u - a wand of paralysis (3)
 z - a wand of roots (14)
 D - a wand of polymorph (6)
 O - a wand of digging (2)
Scrolls
 f - 3 scrolls of noise
 j - 7 scrolls of teleportation
 m - a scroll of immolation {unknown}
 q - 2 scrolls of summoning
 w - 4 scrolls of magic mapping
 x - 2 scrolls of vulnerability
 y - 2 scrolls of fog {unknown}
 B - a scroll of silence {unknown}
 F - 3 scrolls of fear
 I - a scroll of blinking
 J - a scroll of torment {unknown}
 P - a scroll of identify
Potions
 c - 5 potions of might
 d - 7 potions of heal wounds
 g - 6 potions of curing
 l - 4 potions of attraction {unknown}
 n - 4 potions of haste
 r - 3 potions of cancellation {unknown}
 s - 4 potions of brilliance {unknown}
 v - 4 potions of magic {unknown}
 A - 3 potions of resistance {unknown}
 C - a potion of lignification {unknown}
 E - a potion of berserk rage {unknown}
 G - a potion of ambrosia {unknown}
 K - 2 potions of flight {unknown}


   Skills:
 + Level 7.4 Fighting
 + Level 5.4 Dodging
 + Level 8.1 Shields
 * Level 11.8 Unarmed Combat


You had 8 spell levels left.
You knew the following spells:

 Your Spells              Type           Power      Damage    Failure   Level
a - Passwall              Tmut/Erth      0%         N/A       78%         2

Your spell library contained the following spells:

 Spells                   Type           Power      Damage    Failure   Level
 Apportation              Tloc           0%         N/A       65%         1
 Necrotise                Necr           0%         1d4       65%         1
 Sandblast                Erth           0%         2d4       65%         1
 Summon Small Mammal      Summ           0%         N/A       65%         1
 Frozen Ramparts          Ice            0%         1d1       95%         3
 Kindle Blastsparks       Fire/Tloc/Air  0%         2d10      95%         3
 Stone Arrow              Conj/Erth      0%         3d7       95%         3
 Fulminant Prism          Conj/Hex       0%         3d5       100%        4
 Ice Form                 Ice/Tmut       0%         N/A       100%        4
 Iskenderun's Mystic Bla  Conj/Tloc      0%         2d3       100%        4
 Summon Ice Beast         Ice/Summ       0%         N/A       100%        4
 Alistair's Intoxication  Tmut/Pois      0%         N/A       100%        5
 Borgnjor's Vile Clutch   Necr/Erth      0%         N/A       100%        5
 Lee's Rapid Deconstruct  Erth           0%         3d4*      100%        5
 Eringya's Noxious Bog    Tmut/Pois      0%         N/A       100%        6


Dungeon Overview and Level Annotations

Branches:
Dungeon (11/15)            Temple (1/1) D:4            Lair (0/5) D:8
  Sewer (visited)         Ossuary (visited)          Bailey (visited)
    Orc: D:9-12

Altars:
Ashenzari
Cheibriados
Elyvilon
Gozag
Kikubaaqudgha
Nemelex Xobeh
Okawaru
Trog
Uskayaw
Vehumet
Wu Jian
Yredelemnul
The Shining One

Shops:
D:9 ?[((

Annotations:
D:9 1 transporter
D:11 Psyche


Innate Abilities, Weirdness & Mutations

You are too large for most types of armour.
You have claws for hands.
Your natural rate of healing is unusually fast.
You are covered in fur. (AC +1)
You have tough skin. (AC +1)


Message History

Something hits you but does no damage. Something barely misses you.
You see here 4 large rocks.
N - 9 large rocks (gained 4)
You scratch something. You block something's attack. Something hits you.
Psyche the Insane Magess comes into view.
She is wielding a +4 dagger of chaos.
Something hits you! You block something's attack.
A wyvern comes into view.
Something hits you.
The wyvern hisses angrily.
Something misses you.
You closely miss something. Something hits you but does no damage.
You spin and attack the wyvern.
You closely miss the wyvern. The wyvern barely misses you. Something hits you.
The wyvern bites you!
You spin and attack the wyvern repeatedly.
You claw the wyvern!
The wyvern is moderately wounded.
You closely miss the wyvern.
The wyvern is moderately wounded.
Something hits you. The wyvern bites you! The wyvern attacks as you move away!
The wyvern closely misses you. Something closely misses you.
You block the wyvern's attack.
There is a stone staircase leading up here.
Something hits you! The wyvern bites you.
You climb upwards.
Reactivating autopickup.
There is a stone staircase leading down here.
You spin and attack the wyvern.
You closely miss the wyvern.
The wyvern is moderately wounded.
Something hits you.
* * * LOW HITPOINT WARNING * * *
Deactivating autopickup; reactivate with Ctrl-A.
You block the wyvern's attack. The wyvern bites you!
* * * LOW HITPOINT WARNING * * *
You closely miss the wyvern.
The wyvern is moderately wounded.
Something hits you but does no damage. Something hits you!
* * * LOW HITPOINT WARNING * * *
The wyvern bites you!
You die...

#.#...# #...#####.##.####
######.....####................
#.............#...#######..####
#.#####.#..##.##.## #..# #
#.####.....##.##.# #(.# #
#.##.......>..[..########.<# #
#.##.#.....##..............# #
#.##.##.#..##.....########## #
###.##.##.#.....@>...############
....##.##..[....l..............##
######.#######....÷..#########.##
.......# ###...### #.## .#######
#...# ########..# .# #.###
#.........# .# #.# #..#...#... .#
#.# #.###.###.# .# #.#
#..#...#..#


You could see a wyvern.

Vanquished Creatures
  2 two-headed ogres
  Pikel (D:5)
  A cyclops (D:11)
  A gargoyle (D:11)
  A rime drake (D:8)
  A troll (D:11)
  Grinder (D:3)
  A polar bear (D:8)
  Prince Ribbit (D:6)
  2 steam dragons (D:8)
  A wyvern (D:10)
  5 yaks (D:10)
  Menkaure (Ossuary)
  A water moccasin (D:8)
  Edmund (D:4)
  An acid dragon (D:10)
  A sky beast (D:7)
  4 ice beasts (D:8)
  2 orc warriors
  An ogre (D:5)
  2 centaurs
  A wolf (D:8)
  4 bullfrogs
  3 phantoms
  Blork the orc (D:4)
  5 kobold brigands
  2 gnoll sergeants
  3 wights (D:8)
  A killer bee (D:8)
  A howler monkey (D:9)
  7 hounds
  3 jellies
  9 orc priests
  2 sleepcaps
  A gnoll bouda (D:6)
  13 orc wizards
  4 mummies
  30 gnolls
  12 adders
  4 river rats (Sewer)
  3 white imps
  2 ufetubi
  5 worms
  3 dart slugs
  42 orcs
  8 bats
  2 endoplasms
  4 giant cockroaches
  4 gnoll zombies (Ossuary)
  5 hobgoblins
  10 jackals
  2 quokkas (D:4)
  11 ball pythons
  5 frilled lizards
  10 gnoll skeletons (Ossuary)
  9 goblins
  2 goblin skeletons (Ossuary)
  5 goblin zombies
  3 hobgoblin skeletons (Ossuary)
  4 hobgoblin zombies (Ossuary)
  28 kobolds
  5 kobold skeletons (Ossuary)
  7 kobold zombies
  An orc skeleton (Ossuary)
  2 orc zombies (Ossuary)
  30 rats
  4 rat skeletons (Ossuary)
  5 rat zombies (Ossuary)
359 creatures vanquished.

Vanquished Creatures (others)
  4 toadstools (D:1)
4 creatures vanquished.

Grand Total: 363 creatures vanquished

Notes
Turn   | Place    | Note
-------+----------+-------------------------------------------
     0 | D:1      | lesbiats the Troll Fighter began the quest for the Orb.
     0 | D:1      | Reached XP level 1. HP: 22/22 MP: 0/0
   153 | D:1      | Reached XP level 2. HP: 25/29 MP: 1/1
   640 | D:1      | test
   706 | D:2      | Reached XP level 3. HP: 36/36 MP: 2/2
   708 | D:2      | Reached skill level 3 in Unarmed Combat
  1167 | D:2      | Reached XP level 4. HP: 44/44 MP: 3/3
  1346 | D:3      | Found an ancient bone altar of Kikubaaqudgha.
  1669 | D:3      | Reached skill level 4 in Unarmed Combat
  1669 | D:3      | Reached XP level 5. HP: 53/53 MP: 4/4
  1745 | D:3      | Noticed Grinder
  1748 | D:3      | Paralysed by Grinder for 3 turns
  1760 | D:3      | Killed Grinder
  1761 | D:3      | Reached skill level 5 in Unarmed Combat
  1761 | D:3      | Reached XP level 6. HP: 42/61 MP: 5/5
  2217 | D:4      | Noticed Edmund
  2233 | D:4      | Reached XP level 7. HP: 52/68 MP: 6/6
  2241 | D:4      | Killed Edmund
  2314 | D:4      | Reached skill level 6 in Unarmed Combat
  2339 | D:4      | Found a glowing drain.
  2362 | Sewer    | Entered a sewer
  2965 | D:4      | Found a staircase to the Ecumenical Temple.
  2986 | Temple   | Entered the Ecumenical Temple
  2991 | Temple   | Became a worshipper of the Wu Jian Council
  3044 | D:4      | Reached skill level 5 in Shields
  3044 | D:4      | Reached XP level 8. HP: 79/79 MP: 7/7
  3184 | D:4      | Noticed Blork the orc
  3193 | D:4      | Killed Blork the orc
  3194 | D:4      | Reached skill level 7 in Unarmed Combat
  3575 | D:5      | Entered Level 5 of the Dungeon
  3756 | D:5      | Reached skill level 5 in Fighting
  3926 | D:5      | Noticed Pikel
  3949 | D:5      | Killed Pikel
  3950 | D:5      | Reached skill level 8 in Unarmed Combat
  3950 | D:5      | Reached XP level 9. HP: 57/88 MP: 8/8
  4592 | D:6      | Reached * piety under Wu Jian
  4596 | D:6      | Noticed Prince Ribbit
  4620 | D:6      | Killed Prince Ribbit
  4632 | D:6      | Reached skill level 9 in Unarmed Combat
  5200 | D:7      | Found a flagged portal.
  5210 | Bailey   | Entered a bailey
  5428 | Bailey   | Reached ** piety under Wu Jian
  5736 | D:7      | Found a broken altar of Ashenzari.
  6232 | D:8      | Found a sand-covered staircase.
  6239 | Ossuary  | Entered an ossuary
  6266 | Ossuary  | Reached *** piety under Wu Jian
  6467 | Ossuary  | Reached **** piety under Wu Jian
  6496 | Ossuary  | Noticed Menkaure
  6510 | Ossuary  | Killed Menkaure
  6511 | Ossuary  | Reached skill level 10 in Unarmed Combat
  6703 | D:8      | Noticed a polar bear
  6704 | D:8      | Noticed a rime drake
  6708 | D:8      | Killed a polar bear
  6709 | D:8      | Reached XP level 10. HP: 75/100 MP: 9/9
  6780 | D:8      | Found a staircase to the Lair.
  6839 | D:8      | You fall into a shaft and drop 3 floors!
  6846 | D:10     | Entered Level 10 of the Dungeon
  6918 | D:10     | Found a radiant altar of Vehumet.
  7032 | D:8      | Found a basalt altar of Yredelemnul.
  7039 | D:8      | Found an opulent altar of Gozag.
  7201 | D:8      | Noticed a two-headed ogre
  7208 | D:8      | Killed a two-headed ogre
  7208 | D:8      | Reached ***** piety under Wu Jian
  7278 | D:8      | Reached skill level 11 in Unarmed Combat
  7865 | D:9      | Found a transporter.
  7890 | D:9      | Found a transporter.
  7910 | D:9      | Found a transporter.
  7911 | D:9      | Found a transporter.
  8002 | D:9      | Learned a level 2 spell: Passwall
  8003 | D:9      | Found Diceheem's Armour Shoppe.
  8006 | D:9      | Bought a +0 hat of intelligence for 187 gold pieces
  8148 | D:9      | Found a snail-covered altar of Cheibriados.
  8227 | D:9      | Found Kuzis's Antique Weapon Shoppe.
  8240 | D:9      | Found Zifom's Antique Weapon Boutique.
  8277 | D:9      | Found Haisi's Magic Scroll Emporium.
  8282 | D:9      | Bought a scroll of magic mapping for 97 gold pieces
  8282 | D:9      | Bought a scroll of fear for 52 gold pieces
  8282 | D:9      | Bought a scroll of blinking for 97 gold pieces
  8282 | D:9      | Bought a scroll of identify for 26 gold pieces
  8851 | D:10     | Reached skill level 5 in Dodging
  9132 | D:10     | Noticed a two-headed ogre
  9141 | D:10     | Killed a two-headed ogre
  9142 | D:10     | Reached XP level 11. HP: 85/109 MP: 10/10
  9268 | D:11     | Noticed Psyche
  9281 | D:10     | Slain by a wyvern

Illustrated notes

.###.##...##.##.#.###.####.#.##..
..........##.##..........#.#.##..
#..######.##.##.#.###.####.#.##.#
#.................###### #.#.##..
#.##.####.#####.###≈##≈###.#.....
#....#(##.# #.##≈P≈≈♣≈##.......
####.#.##.# #.#≈P8.♣8♣≈###.....
#....#.# #.##≈...♣.####.#...
#......# #.@.~~<......#.#...
###....## #.##≈P..P.##...+...
##..).####.#≈P8PP8P≈#####...
#######.........##≈P≈≈P≈### #...
...........####.###≈##≈##.# ##..
..........[# #..########.# #..
......###..# #.........#.#####.#
......# ##.# ###.#####...##....#
......# #.# #.#####.#.#...###


Turn 640 on D:1: test

Levels and vault maps discovered:
D:1:      ldierk_walled_garden_2, layout_basic, moated_statue
D:2:      layout_loops_cross, nicolae_kite_square_tiling_tiny
D:3:      layout_basic, mainiacjoe_overflow_tiny_flanked,
          minmay_misc_feat_encased, uniq_grinder
D:4:      layout_cave_pods, minmay_temple_entry_grid,
          cheibrodos_sewer_entry_drain, kennysheep_generic_room_13, uniq_edmund,
          uniq_blork_the_orc
D:5:      layout_basic, uniq_pikel
D:6:      layout_cave_pools, uniq_prince_ribbit1
D:7:      layout_gridville, evilmike_ruin_ashenzari, enter_bailey_2,
          minmay_misc_feat_plants, nicolae_underground_beach
D:8:      layout_cave_pods, mainiacjoe_overflow_catwalk_spiral,
          hellmonk_lair_entry_icy, nicolae_ossuary_entry_giza,
          hangedman_abyss_or_decor_passed, minmay_misc_feat_secret_circle,
          serial_bayou_ford_a
D:9:      layout_irregular_city, nicolae_overflow_crystal_walls, serial_shops,
          nicolae_square_shop, nicolae_shop_behind_doors, shop,
          nicolae_shop_behind_doors, nicolae_diode_quadrants
D:10:     layout_loops_ring, vehumet_crystals
D:11:     layout_irregular_city, uniq_psyche
Temple:   nicolae_temple_bog_church

Skill      XL: |  1  2  3  4  5  6  7  8  9 10 11 |
---------------+----------------------------------+-----
Shields        | 3 4 5 6 7 8 |  8.1
Unarmed Combat | 3 4 5 6 8 10 11 | 11.8
Fighting       | 3 4 5 6 7 |  7.4
Dodging        | 3 5 |  5.4

Action                     |  1- 3 |  4- 6 |  7- 9 | 10-12 || total
---------------------------+-------+-------+-------+-------++-------
  Melee: Unarmed           |    98 |   137 |   609 |   199 ||  1043
Ability: Lunge             |       |       |    63 |    15 ||    78
         Whirlwind         |       |       |    25 |    36 ||    61
  Evoke: Wand              |       |       |     1 |       ||     1
    Use: Scroll            |       |       |     7 |     1 ||     8
         Potion            |       |       |     1 |       ||     1
   Stab: Sleeping          |       |     1 |     4 |       ||     5
 Armour: Robe              |    26 |    55 |   279 |    33 ||   393
         Steam dragon scal |       |       |       |    19 ||    19
         Acid dragon scale |       |       |       |    14 ||    14
  Dodge: Dodged            |    20 |    57 |   183 |    60 ||   320
  Block: Kite shield       |    36 |    55 |   248 |    82 ||   421

Table legend: (Time is in decaauts)
 A = Elapsed time spent in this place.
 B = Non-inter-level travel time spent in this place.
 C = Inter-level travel time spent in this place.
 D = Time resting spent in this place.
 E = Time spent auto-exploring this place.
 F = Levels seen in this place.
 G = Mean time per level.
                   A        B        C        D        E       F      G
               +--------+--------+--------+--------+--------+-----+--------+
         Total |   9270 |   8524 |    746 |    257 |   5514 |  15 |  618.0 |
       Dungeon |   8020 |   7282 |    738 |    246 |   5113 |  11 |  729.1 |
        Temple |     10 |      2 |      8 |      0 |      0 |   1 |   10.0 |
         Sewer |    598 |    598 |      0 |      0 |    302 |   1 |  598.0 |
       Ossuary |    323 |    323 |      0 |      0 |     77 |   1 |  323.0 |
        Bailey |    317 |    317 |      0 |     11 |     22 |   1 |  317.0 |
               +--------+--------+--------+--------+--------+-----+--------+

Top non-repeatable levels by time:
     D:8: 1185 daAuts
     D:4: 998 daAuts
     D:5: 894 daAuts
     D:9: 858 daAuts
     D:3: 814 daAuts
     D:7: 724 daAuts
    D:10: 692 daAuts
     D:1: 681 daAuts
     D:2: 600 daAuts
   Sewer: 598 daAuts
     D:6: 527 daAuts
 Ossuary: 323 daAuts
  Bailey: 317 daAuts
    D:11: 42 daAuts
  Temple: 10 daAuts
